3A
HARRISBURG HARRIERS @ HOGSMEADE CAULDRONS
09/01/2020
 
TOP OF THE 1ST
Harrisburg Harriers batting - Pitching for Hogsmeade Cauldrons : LHP Octávio Ríos
Pitching: LHP Octávio Ríos
Batting: RHB Bartolo Morales 0-0: Ground out 6-3 (Groundball, 6)
Batting: LHB Eric Porter 0-0: Ball
1-0: Swinging Strike
1-1: SINGLE (Flyball, 6MD)
Batting: RHB Keith MacKey 0-0: Ball
1-0: Ball
2-0: Ball
3-0: Base on Balls
Eric Porter to second
Batting: RHB Martín Álvarez 0-0: Fly out, F9 (Flyball, 9LS)
Batting: RHB Patrizio Vanali 0-0: Called Strike
0-1: Ball
1-1: Ball
2-1: Ball
3-1: Base on Balls
Eric Porter to third
Keith MacKey to second
Batting: RHB Bartolo Benítez 0-0: Called Strike
0-1: Ball
1-1: Fly out, F7 (Flyball, 7M)
Top of the 1st over - 0 run(s), 1 hit(s), 0 error(s), 3 left on base; Harrisburg 0 - Hogsmeade 0
BOTTOM OF THE 1ST
Hogsmeade Cauldrons batting - Pitching for Harrisburg Harriers : LHP Rob Smith
Pitching: LHP Rob Smith
Batting: RHB Jay Parker 0-0: Ball
1-0: Ball
2-0: Foul Ball, location: 2F
2-1: Foul Ball, location: 2F
Single, Error in OF, E7, batter to second base
Batting: RHB Héctor Cantú 0-0: Called Strike
0-1: Ball
1-1: Foul Ball, location: 2F
1-2: Fly out, F9 (Flyball, 89M)
Batting: SHB Emílio Gonzáles 0-0: Foul Ball, location: 2F
0-1: Swinging Strike
0-2: Ball
1-2: Foul Ball, location: 2F
1-2: Ball
2-2: Ball
3-2: Ground out 6-3 (Groundball, 6)
Jay Parker to third
Batting: RHB Raúl Reyna 0-0: Foul Ball, location: 2F
0-1: Ball
1-1: Ball
2-1: Ball
3-1: Foul Ball, location: 2F
3-2: Foul Ball, location: 2F
3-2: Foul Ball, location: 2F
3-2: Foul Ball, location: 2F
3-2: Fly out, F7 (Flyball, 7M)
Bottom of the 1st over - 0 run(s), 1 hit(s), 1 error(s), 1 left on base; Harrisburg 0 - Hogsmeade 0
TOP OF THE 2ND
Harrisburg Harriers batting - Pitching for Hogsmeade Cauldrons : LHP Octávio Ríos
Batting: RHB Jim Scott 0-0: Swinging Strike
0-1: Swinging Strike
0-2: Strikes out swinging
Batting: RHB Mike Greene 0-0: Called Strike
0-1: Ball
1-1: Swinging Strike
1-2: Ball
2-2: Ball
3-2: Foul Ball, location: 2F
3-2: Strikes out looking
Batting: RHB Robbie Chambers 0-0: Ball
1-0: SINGLE (Line Drive, 9LS)
Batting: RHB Bartolo Morales 0-0: Ball
Robbie Chambers is caught stealing 2nd base
Top of the 2nd over - 0 run(s), 1 hit(s), 0 error(s), 0 left on base; Harrisburg 0 - Hogsmeade 0
BOTTOM OF THE 2ND
Hogsmeade Cauldrons batting - Pitching for Harrisburg Harriers : LHP Rob Smith
Batting: RHB Jim Unknown 0-0: Ball
1-0: Called Strike
1-1: Ball
2-1: Foul Ball, location: 2F
2-2: Foul Ball, location: 2F
2-2: Foul Ball, location: 2F
2-2: Ground out U3 (Groundball, 3S)
Batting: LHB Jim Unknown 0-0: Ball
1-0: Called Strike
1-1: Ground out 4-3 (Groundball, 4M)
Batting: RHB Miguel Torres 0-0: Ball
1-0: Called Strike
1-1: SINGLE (Line Drive, 6D)
Batting: RHB John Townsend 0-0: Called Strike
0-1: Ball
1-1: Swinging Strike
1-2: Strikes out swinging
Bottom of the 2nd over - 0 run(s), 1 hit(s), 0 error(s), 1 left on base; Harrisburg 0 - Hogsmeade 0
TOP OF THE 3RD
Harrisburg Harriers batting - Pitching for Hogsmeade Cauldrons : LHP Octávio Ríos
Batting: RHB Bartolo Morales 0-0: Ball
1-0: Called Strike
1-1: SINGLE (Popup, 6MD)
Batting: LHB Eric Porter 0-0: DOUBLE (Line Drive, 7LM)
Bartolo Morales to third
Batting: RHB Keith MacKey 0-0: Ball
1-0: Called Strike
1-1: Swinging Strike
1-2: DOUBLE (Flyball, 8LD)
Bartolo Morales scores
Eric Porter scores
Batting: RHB Martín Álvarez 0-0: Ball
1-0: Called Strike
1-1: Ground out 1-3 (Groundball, 13S)
Keith MacKey to third
Batting: RHB Patrizio Vanali 0-0: Foul Ball, location: 2F
0-1: Ball
1-1: Called Strike
1-2: Ball
2-2: Strikes out looking
Batting: RHB Bartolo Benítez 0-0: Ball
1-0: Ball
2-0: Ball
Steal of home, Keith MacKey is safe
3-0: Called Strike
3-1: Base on Balls
Batting: RHB Jim Scott 0-0: Ball
Bartolo Benítez steals 2nd base
1-0: SINGLE (Line Drive, 6MD)
Bartolo Benítez to third
Runner from 3rd tries for Home, SAFE, no throw or cutoff
Batting: RHB Mike Greene 0-0: Called Strike
0-1: Ball
1-1: Ball
2-1: Fielders Choice at 2nd, 6-4 (Groundball, 56)
Top of the 3rd over - 4 run(s), 4 hit(s), 0 error(s), 0 left on base; Harrisburg 4 - Hogsmeade 0
BOTTOM OF THE 3RD
Hogsmeade Cauldrons batting - Pitching for Harrisburg Harriers : LHP Rob Smith
Batting: SHB Arturo Romero 0-0: Ball
1-0: Foul Ball, location: 2F
1-1: Called Strike
1-2: Fly out, F8 (Flyball, 8LD)
Batting: RHB Jay Parker 0-0: Ball
1-0: Swinging Strike
1-1: Ball
2-1: Ball
3-1: Ground out 6-3 (Groundball, 6)
Batting: RHB Héctor Cantú 0-0: Called Strike
0-1: SINGLE (Line Drive, 3D)
Batting: SHB Emílio Gonzáles 0-0: Ball
1-0: Called Strike
1-1: Ball
2-1: Ball
3-1: Reached on error, E6 (Groundball, 6)
Héctor Cantú to second
Batting: RHB Raúl Reyna 0-0: Foul Ball, location: 2F
0-1: Fly out, F9 (Flyball, 89M)
Bottom of the 3rd over - 0 run(s), 1 hit(s), 1 error(s), 2 left on base; Harrisburg 4 - Hogsmeade 0
TOP OF THE 4TH
Harrisburg Harriers batting - Pitching for Hogsmeade Cauldrons : LHP Octávio Ríos
Batting: RHB Robbie Chambers 0-0: Ball
1-0: Called Strike
1-1: Swinging Strike
1-2: Foul Ball, location: 2F
1-2: Ball
2-2: Strikes out swinging
Batting: RHB Bartolo Morales 0-0: Swinging Strike
0-1: Ball
1-1: Ball
2-1: Fly out, F9 (Flyball, 89M)
Batting: LHB Eric Porter 0-0: Foul Ball, location: 2F
0-1: Ball
1-1: Called Strike
1-2: Foul Ball, location: 2F
1-2: Foul Ball, location: 2F
1-2: Ball
2-2: Foul Ball, location: 2F
2-2: Strikes out looking
Top of the 4th over - 0 run(s), 0 hit(s), 0 error(s), 0 left on base; Harrisburg 4 - Hogsmeade 0
BOTTOM OF THE 4TH
Hogsmeade Cauldrons batting - Pitching for Harrisburg Harriers : LHP Rob Smith
Batting: RHB Jim Unknown 0-0: Called Strike
0-1: Ball
1-1: Called Strike
1-2: Ball
2-2: Fly out, F7 (Flyball, 78S)
Batting: LHB Jim Unknown 0-0: Ball
1-0: Ball
2-0: Ball
3-0: Called Strike
3-1: Base on Balls
Batting: RHB Miguel Torres 0-0: Called Strike
0-1: Grounds into double play, 5-4-3 (Groundball, 5)
Bottom of the 4th over - 0 run(s), 0 hit(s), 0 error(s), 0 left on base; Harrisburg 4 - Hogsmeade 0
TOP OF THE 5TH
Harrisburg Harriers batting - Pitching for Hogsmeade Cauldrons : LHP Octávio Ríos
Batting: RHB Keith MacKey 0-0: Swinging Strike
0-1: Ball
1-1: Reached on error, E5 (Groundball, 56)
Batting: RHB Martín Álvarez 0-0: Ball
1-0: Foul Ball, location: 2F
1-1: Ball
2-1: Called Strike
2-2: Foul Ball, location: 2F
2-2: Strikes out swinging
Batting: RHB Patrizio Vanali 0-0: Foul Ball, location: 2F
0-1: Ball
1-1: Ball
2-1: Foul Ball, location: 2F
2-2: Strikes out looking
Batting: RHB Bartolo Benítez 0-0: Foul Ball, location: 2F
0-1: Ball
1-1: Ball
2-1: Foul Ball, location: 2F
2-2: Ground out 6-3 (Groundball, 6MD)
Top of the 5th over - 0 run(s), 0 hit(s), 1 error(s), 1 left on base; Harrisburg 4 - Hogsmeade 0
BOTTOM OF THE 5TH
Hogsmeade Cauldrons batting - Pitching for Harrisburg Harriers : LHP Rob Smith
Batting: RHB John Townsend 0-0: Ball
1-0: Ball
2-0: Swinging Strike
2-1: SINGLE (Flyball, 9S)
Batting: SHB Arturo Romero 0-0: Ball
1-0: Foul Ball, location: 2F
1-1: Grounds out, U3 (Groundball, 3L)
Batting: RHB Jay Parker 0-0: Ball
1-0: Fly out, F7 (Flyball, 7LS)
Batting: RHB Héctor Cantú 0-0: Called Strike
0-1: DOUBLE (Line Drive, 7LS)
John Townsend scores
Batting: SHB Emílio Gonzáles 0-0: Called Strike
0-1: Foul Ball, location: 2F
0-2: Foul Ball, location: 2F
0-2: Ball
1-2: Ball
2-2: Ball
3-2: Base on Balls
Batting: RHB Raúl Reyna 0-0: Ball
1-0: Fielders Choice at 2nd, 5-4 (Groundball, 56)
Bottom of the 5th over - 1 run(s), 2 hit(s), 0 error(s), 1 left on base; Harrisburg 4 - Hogsmeade 1
TOP OF THE 6TH
Harrisburg Harriers batting - Pitching for Hogsmeade Cauldrons : LHP Octávio Ríos
Batting: RHB Jim Scott 0-0: Ball
1-0: Fly out, F8 (Flyball, 8RM)
Batting: RHB Mike Greene 0-0: Called Strike
0-1: Ball
1-1: Ball
2-1: Ball
3-1: Foul Ball, location: 2F
3-2: Foul Ball, location: 2F
3-2: Foul Ball, location: 2F
3-2: Fly out, F9 (Flyball, 89M)
Batting: RHB Robbie Chambers 0-0: Ball
1-0: Ball
2-0: Ground out 5-3 (Groundball, 5)
Top of the 6th over - 0 run(s), 0 hit(s), 0 error(s), 0 left on base; Harrisburg 4 - Hogsmeade 1
BOTTOM OF THE 6TH
Hogsmeade Cauldrons batting - Pitching for Harrisburg Harriers : LHP Rob Smith
Batting: RHB Jim Unknown 0-0: Ball
1-0: Called Strike
1-1: Foul Ball, location: 2F
1-2: Ground out 1-3 (Groundball, 13)
Batting: LHB Jim Unknown 0-0: Swinging Strike
0-1: Foul Ball, location: 2F
0-2: Foul Ball, location: 2F
0-2: Strikes out swinging
Batting: RHB Miguel Torres 0-0: Swinging Strike
0-1: Foul Ball, location: 2F
0-2: Ball
1-2: Foul Ball, location: 2F
1-2: Ball
2-2: Ball
3-2: Strikes out swinging
Bottom of the 6th over - 0 run(s), 0 hit(s), 0 error(s), 0 left on base; Harrisburg 4 - Hogsmeade 1
TOP OF THE 7TH
Harrisburg Harriers batting - Pitching for Hogsmeade Cauldrons : LHP Octávio Ríos
Batting: RHB Bartolo Morales 0-0: Swinging Strike
0-1: Ground out 6-3 (Groundball, 6M)
Batting: LHB Eric Porter 0-0: Ball
1-0: Fly out, F2 (Popup, 25F)
Batting: RHB Keith MacKey 0-0: Fly out, F2 (Popup, 2RF)
Top of the 7th over - 0 run(s), 0 hit(s), 0 error(s), 0 left on base; Harrisburg 4 - Hogsmeade 1
BOTTOM OF THE 7TH
Hogsmeade Cauldrons batting - Pitching for Harrisburg Harriers : LHP Rob Smith
Batting: RHB John Townsend 0-0: Ground out 5-3 (Groundball, 5)
Batting: SHB Arturo Romero 0-0: Called Strike
0-1: Ball
1-1: Ground out 4-3 (Groundball, 4)
Batting: RHB Jay Parker 0-0: Ball
1-0: Called Strike
1-1: SINGLE (Groundball, 4MD)
Batting: RHB Héctor Cantú 0-0: Ground out 5-3 (Groundball, 5)
Bottom of the 7th over - 0 run(s), 1 hit(s), 0 error(s), 1 left on base; Harrisburg 4 - Hogsmeade 1
TOP OF THE 8TH
Harrisburg Harriers batting - Pitching for Hogsmeade Cauldrons : LHP Octávio Ríos
Batting: RHB Martín Álvarez 0-0: Ball
1-0: Swinging Strike
1-1: Foul Ball, location: 2F
1-2: Fly out, F8 (Flyball, 8RXD)
Batting: RHB Patrizio Vanali 0-0: Ball
1-0: Ball
2-0: Called Strike
2-1: Foul Ball, location: 2F
2-2: Strikes out swinging wild pitch, reaches first!
Pitching: RHP Jim Unknown
Batting: RHB Bartolo Benítez 0-0: Ball
1-0: SINGLE (Groundball, 6MD)
Patrizio Vanali to second
Runner from 2nd tries for 3rd, SAFE, no throw or cutoff
Batting: RHB Jim Scott 0-0: Ball
1-0: Foul Ball, location: 2F
1-1: Ball
2-1: Called Strike
Bartolo Benítez steals 2nd base
2-2: Strikes out swinging
Batting: RHB Mike Greene 0-0: Ball
1-0: Foul Ball, location: 2F
1-1: Ball
2-1: Swinging Strike
2-2: Ball
3-2: Strikes out swinging
Top of the 8th over - 0 run(s), 1 hit(s), 0 error(s), 2 left on base; Harrisburg 4 - Hogsmeade 1
BOTTOM OF THE 8TH
Hogsmeade Cauldrons batting - Pitching for Harrisburg Harriers : LHP Rob Smith
Batting: SHB Emílio Gonzáles 0-0: Ball
1-0: Ball
2-0: Ball
3-0: Called Strike
3-1: Base on Balls
Batting: RHB Raúl Reyna 0-0: Ball
1-0: Called Strike
1-1: Swinging Strike
1-2: Ball
2-2: Ball
3-2: Base on Balls
Emílio Gonzáles to second
Batting: RHB Jim Unknown 0-0: Called Strike
0-1: Foul Ball, location: 2F
0-2: Ball
1-2: Ball
2-2: Ball
3-2: DOUBLE (Groundball, 5L)
Emílio Gonzáles scores
Raúl Reyna to third
Runner from 3rd tries for Home, SAFE, throw made at trailing runner, SAFE at third!
Pinch Hitting: SHB Jim Unknown 0-0: Ball
1-0: Ball
2-0: Ball
3-0: Called Strike
3-1: Base on Balls
Batting: RHB Miguel Torres 0-0: Ball
1-0: Ball
2-0: Called Strike
2-1: Ball
3-1: Ground out 5-3 (Groundball, 5)
Jim Unknown to second
Pitching: RHP Jim Unknown
Pinch Hitting: SHB Jim Unknown 0-0: Ball
1-0: Called Strike
1-1: Called Strike
1-2: Ball
2-2: Ball
Wild Pitch!
Jim Unknown scores
Jim Unknown to third
3-2: Intentional Walk
Batting: SHB Arturo Romero 0-0: Ball
Wild Pitch!
Jim Unknown scores
Jim Unknown to second
1-0: Ball
2-0: Fly out, F8 (Flyball, 78D)
Batting: RHB Jay Parker 0-0: Ball
1-0: Ball
2-0: Ball
3-0: Called Strike
3-1: Foul Ball, location: 2F
3-2: Strikes out swinging
Bottom of the 8th over - 4 run(s), 1 hit(s), 0 error(s), 1 left on base; Harrisburg 4 - Hogsmeade 5
TOP OF THE 9TH
Harrisburg Harriers batting - Pitching for Hogsmeade Cauldrons : RHP Jim Unknown
Pitching: RHP Gabe Stephenson
Now at 1B: Jim Unknown
Now at 3B: Jim Unknown
Batting: RHB Robbie Chambers 0-0: Foul Ball, location: 2F
0-1: Foul Ball, location: 2F
0-2: Foul Ball, location: 2F
0-2: Foul Ball, location: 2F
0-2: Foul Ball, location: 2F
0-2: Strikes out swinging
Batting: RHB Bartolo Morales 0-0: Swinging Strike
0-1: Swinging Strike
0-2: Foul Ball, location: 2F
0-2: Strikes out swinging
Batting: LHB Eric Porter 0-0: Called Strike
0-1: SINGLE (Groundball, 4M)
Batting: RHB Keith MacKey 0-0: Called Strike
0-1: Ground out 4-3 (Groundball, 4)
Top of the 9th over - 0 run(s), 1 hit(s), 0 error(s), 1 left on base; Harrisburg 4 - Hogsmeade 5
This league is powered by Out of the Park Baseball, the baseball management simulation game for PC, Mac and Linux
Friday, October 23rd, 2015 - OOTP Baseball 16.9 Build 39